AoeStats
← 文風

Arena

509652400Analyzed
3v3 RM · 5d ago on Sep 27, 2026· 48m 16s· 6 players
Game mode
Random Map
Map size
Normal (6 player)
Population
200
Speed
Normal
Resources
Standard
Victory
Conquest
Starting age
Dark Age
Ending age
Imperial Age
RankedLock teamsTeams togetherTeam positionsShared explorationLock speedFull tech treeHidden civsTurbo modeCheats
Victory
Defeat
🇭🇰 Poles · Hong Kong SAR China
1455
+13
🇭🇰 Turks · Hong Kong SAR China
1418
+15
🇭🇰 Poles · Hong Kong SAR China
1405
+15
🇨🇦 Ethiopians · Canada
1439
-16
🇪🇸 Cumans · Spain
1393
-14
🇷🇺 Teutons · Russia
1354
-13
Im2Good4YoMoma
10:31 Feudal Age
11:38 Double-Bit Axe
14:08 Castle Age
15:05 Bow Saw
14:40 Horse Collar
20:45 Loom
22:03 Fletching
24:52 Forging
24:43 Scale Mail Armor
26:25 Iron Casting
26:22 Squires
26:58 Chain Mail Armor
32:24 Imperial Age
30:59 Wheelbarrow
30:10 Town Watch
30:47 Gold Mining
30:50 Stone Mining
30:46 Arson
31:37 Heavy Plow
33:37 Hand Cart
33:45 Bodkin Arrow
33:50 Padded Archer Armor
35:35 Chemistry
34:55 Ballistics
35:02 Bracer
35:06 Crossbowman
36:09 Arbalester
37:08 Leather Archer Armor
36:54 Arbalester
37:40 Thumb Ring
38:56 Plate Mail Armor
38:58 Ring Archer Armor
38:38 Siege Engineers
40:28 Torsion Engines
42:54 Conscription
46:35 Two-Man Saw
VaultBoy
9:56 Feudal Age
10:35 Double-Bit Axe
10:32 Horse Collar
17:19 Wheelbarrow
18:19 Loom
20:54 Castle Age
19:10 Scale Barding Armor
19:16 Forging
19:37 Bloodlines
22:12 Iron Casting
21:59 Chain Barding Armor
22:21 Bow Saw
22:00 Capped Ram
27:52 Gold Mining
32:53 Hand Cart
39:44 Imperial Age
39:45 Cavalier
41:27 Blast Furnace
41:57 Plate Barding Armor
43:28 Gold Shaft Mining
43:35 Paladin
46:09 Light Cavalry
Mr.Kos
10:50 Feudal Age
14:36 Castle Age
12:24 Double-Bit Axe
13:06 Horse Collar
14:31 Wheelbarrow
15:22 Heavy Plow
15:44 Bow Saw
21:25 Scale Barding Armor
21:48 Gold Mining
22:20 Forging
22:55 Stone Mining
24:11 Bloodlines
26:19 Fortified Wall
26:45 Hand Cart
26:16 Loom
28:37 Chain Barding Armor
32:40 Imperial Age
31:39 Stone Shaft Mining
32:59 Iron Casting
32:43 Cavalier
34:43 Plate Barding Armor
35:09 Blast Furnace
35:28 Two-Man Saw
35:03 Cavalier
42:28 Blast Furnace
46:05 Fletching
47:07 Bodkin Arrow
文風
10:53 Feudal Age
14:29 Castle Age
12:52 Double-Bit Axe
13:58 Horse Collar
23:40 Imperial Age
22:10 Heavy Plow
22:22 Bow Saw
22:04 Gold Mining
22:07 Fletching
23:02 Bodkin Arrow
24:21 Bracer
27:31 Wheelbarrow
36:24 Crop Rotation
37:26 Szlachta Privileges
38:24 Scale Barding Armor
38:30 Forging
38:34 Husbandry
38:44 Bloodlines
39:00 Conscription
38:39 Cavalier
42:02 Chain Barding Armor
42:17 Iron Casting
46:05 Elite Skirmisher
48:35 Padded Archer Armor
49:37 Blast Furnace
LinG寶寶
12:36 Feudal Age
15:04 Wheelbarrow
14:37 Double-Bit Axe
14:34 Horse Collar
17:50 Castle Age
18:44 Bow Saw
20:08 Gold Mining
20:25 Scale Barding Armor
22:34 Szlachta Privileges
22:50 Bloodlines
24:26 Chain Barding Armor
25:59 Forging
25:48 Light Cavalry
29:12 Hand Cart
30:32 Husbandry
30:20 Loom
30:43 Town Watch
31:12 Pikeman
31:53 Squires
36:11 Imperial Age
36:58 Cavalier
39:50 Conscription
40:48 Iron Casting
43:45 Blast Furnace
43:23 Coinage
42:16 Winged Hussar
屌炸天
10:15 Feudal Age
15:10 Castle Age
13:31 Double-Bit Axe
15:56 Horse Collar
23:15 Imperial Age
22:07 Bow Saw
23:55 Gold Mining
39:07 Padded Archer Armor
Connection lost

Rejoining the realm…

Still unreachable

The connection could not be restored.

Session expired

The server has moved on; the page needs a fresh start.